 Dungeon Crawl Stone Soup version 0.29-a0-43-g62a80824bf (webtiles) character file.

Game seed: 2052774922752812971

2 Hubjo the Grasshopper (level 1, -3/24 HPs)
             Began as a Vampire Warper on Feb 2, 2022.
             Slain by a gnoll (5 damage)
             ... on level 1 of the Dungeon.
             The game lasted 00:00:28 (87 turns).

Hubjo the Grasshopper (Vampire Warper)                Turns: 87, Time: 00:00:29

Health: -3/24      AC:  3    Str: 10    XL:     1   Next: 33%
Magic:  3/3        EV: 11    Int: 15    God:
Gold:   7          SH:  0    Dex: 13    Spells: 4/4 levels left

rFire   . . .      SeeInvis +   a - +0 short sword
rCold   . . .      Faith    .   (no shield)
rNeg    . . .      Spirit   .   b - +0 leather armour
rPois   .          Reflect  .   (no helmet)
rElec   .          Harm     .   (no cloak)
rCorr   .          Rampage  .   (no gloves)
Will    .....                   (no boots)
Stlth   ..........              (no amulet)
HPRegen 0.28/turn               (no ring)
MPRegen 0.08/turn               (no ring)

@: berserking, healing quickly, very quick
A: alive, fangs 3, see invisible, vampiric 1
a: Exsanguinate


You were on level 1 of the Dungeon.
You visited 1 branch of the dungeon, and saw 1 of its levels.

You collected 7 gold pieces.

Inventory:

Hand Weapons
 a - a +0 short sword (weapon)
Missiles
 d - 5 boomerangs of dispersal (quivered)
Armour
 b - a +0 leather armour (worn)
Scrolls
 c - a scroll of blinking


   Skills:
 + Level 1.7 Fighting
 + Level 2.1 Short Blades
 + Level 0.7 Throwing
 + Level 0.7 Armour
 + Level 2.1 Dodging
 + Level 2.0 Spellcasting
 + Level 2.6 Translocations


You had 4 spell levels left.
You didn't know any spells.
Your spell library contained the following spells:

 Spells                   Type           Power      Damage    Failure   Level
 Blink                    Tloc           18%        N/A       16%         2
 Gell's Gravitas          Tloc           9%         N/A       30%         3
 Lesser Beckoning         Tloc           9%         N/A       30%         3
 Teleport Other           Tloc           9%         N/A       30%         3
 Manifold Assault         Tloc           9%         N/A       96%         5


Dungeon Overview and Level Annotations

Branches:
Dungeon (1/15)

Altars:


Innate Abilities, Weirdness & Mutations

Your natural rate of healing is accelerated.
You have razor-sharp teeth.
You have supernaturally acute eyesight. (SInv)
You are afflicted with vampirism.


Message History

The endoplasm closely misses you.
You hit the endoplasm but do no damage. Your bite misses the endoplasm.
The endoplasm freezes you.
You are frozen.
You hit the endoplasm but do no damage. You bite the endoplasm.
The endoplasm is severely wounded.
The endoplasm hits you.
You barely miss the endoplasm. You bite the endoplasm.
You kill the endoplasm!
Found a buckler.
A gnoll comes into view. It is wielding a +0 spear.
A gnoll is nearby!
Found an escape hatch in the floor.
The gnoll shouts!
A bat comes into view.
The gnoll hits you from afar with a +0 spear.
The bat barely misses you. The gnoll barely misses you.
You closely miss the gnoll. The gnoll barely misses you. The bat hits you.
You completely miss the gnoll. The bat hits you.
The gnoll hits you with a +0 spear.
You hit the gnoll.
The gnoll is moderately wounded.
The bat hits you but does no damage. The gnoll hits you with a +0 spear.
* * * LOW HITPOINT WARNING * * *
You closely miss the gnoll.
The gnoll is moderately wounded.
The gnoll hits you with a +0 spear.
* * * LOW HITPOINT WARNING * * *
The bat hits you but does no damage.
You closely miss the gnoll.
The gnoll is moderately wounded.
The bat hits you but does no damage. The gnoll closely misses you.
It was a potion of berserk rage.
A red film seems to cover your vision as you go berserk!
You feel yourself moving faster!
You feel mighty! The bat closely misses you. The gnoll barely misses you.
You puncture the gnoll!
The gnoll is almost dead.
The bat barely misses you. The gnoll hits you with a +0 spear.
You die...

#######...........#...#...#
######...######...#.>.#.<.#
..................#...#...#
#######....#####..#.>.#...#
............# #..#...#...#
#######..#...# #..##+###+##
.....#..###........
#####.......b.......
###.####@....... ..
#g#.[.... .. ..#......
...#...... ##........> #.#.
..... .. . .... #. ..


You could see a gnoll and a bat.

Vanquished Creatures
  An endoplasm (D:1)
  A hobgoblin (D:1)
2 creatures vanquished.

Notes
Turn   | Place    | Note
-------+----------+-------------------------------------------
     0 | D:1      | Hubjo the Vampire Warper began the quest for the Orb.
     0 | D:1      | Reached XP level 1. HP: 16/16 MP: 3/3
    87 | D:1      | Slain by a gnoll

Illustrated notes

Levels and vault maps discovered:
D:1:      minmay_arrival_up_and_down, layout_rooms,
          hellmonk_ecumenical_altar_watching_god, serial_shops,
          nicolae_square_shop

Action                   || total
-------------------------++-------
Melee: Short sword       ||    11
       Bite              ||     3
  Use: Potion            ||     1
Armor: Leather armour    ||     3
Dodge: Dodged            ||     8

Table legend: (Time is in decaauts)
 A = Elapsed time spent in this place.
 B = Non-inter-level travel time spent in this place.
 C = Inter-level travel time spent in this place.
 D = Time resting spent in this place.
 E = Time spent auto-exploring this place.
 F = Levels seen in this place.
 G = Mean time per level.
                   A        B        C        D        E       F      G
               +--------+--------+--------+--------+--------+-----+--------+
         Total |     86 |     73 |     13 |      0 |     46 |   1 |   86.0 |
       Dungeon |     86 |     73 |     13 |      0 |     46 |   1 |   86.0 |
               +--------+--------+--------+--------+--------+-----+--------+

Top non-repeatable levels by time:
     D:1: 86 daAuts
